 Dungeon Crawl Stone Soup version 0.30-a0-651-g0755cc6dcf (webtiles) character file.

Game seed: 2300685929145774007

942 Chromium the Fighter (level 8, 0/115 HPs)
             Began as a Hill Orc Fighter on Jan 17, 2023.
             Slain by a water moccasin (5 damage)
             ... on level 5 of the Dungeon.
             The game lasted 00:17:15 (3585 turns).

Chromium the Fighter (Hill Orc Fighter)             Turns: 3585, Time: 00:17:15

Health: 0/115      AC: 24    Str: 21    XL:     8   Next: 12%
Magic:  8/8        EV:  2    Int:  8    God:
Gold:   309        SH:  4    Dex: 10    Spells: 7/7 levels left

rFire   . . .      SeeInvis .    H - +2 long sword (holy)
rCold   . . .      Faith    .    c - +0 buckler
rNeg    . . .      Spirit   .    (body armour currently unavailable)
rPois   +          Reflect  .    (helmet currently unavailable)
rElec   .          Harm     .    (cloak currently unavailable)
rCorr   .          Rampage  .    (gloves currently unavailable)
Will    .....      NoTele   +    (boots currently unavailable)
Stlth   +                        (no amulet)
HPRegen 0.39/turn                (no ring)
MPRegen 0.11/turn                (no ring)

@: lethally poisoned (0 -> -12), tree-form, invisible
A: stationary, stasis, torment immunity, boosted hp, (claws 1), (hooves 1),
inability to read after injury 1
a: no special abilities


You were on level 5 of the Dungeon.
You were a tree.
You visited 1 branch of the dungeon, and saw 5 of its levels.

You collected 309 gold pieces.

Inventory:

Hand Weapons
 a - a +0 war axe
 x - a +1 shortbow of electrocution
 H - a +2 long sword of holy wrath (weapon)
Missiles
 n - 49 stones (quivered)
 v - a boomerang of dispersal
 w - 2 poisoned darts
Armour
 b - a +0 scale mail (melded)
 c - a +0 buckler (worn)
 g - a +0 pair of gloves (melded)
 o - the +1 robe "Cifon" {*Slow rCorr MP+9 Archmagi}
   (You found it on level 4 of the Dungeon)

   MP:        It affects your magic capacity (+9).
   rCorr:     It protects you from acid and corrosion.
   *Slow:     It may slow you when you take damage.
   Archmagi:  It increases the power of your magical spells.
 q - a +0 pair of boots (melded)
Magical Staves
 d - a staff of air
 h - a staff of air
 i - a staff of earth
 C - a staff of cold
 I - a staff of fire
Wands
 t - a wand of acid (10)
 B - a wand of flame (20)
Scrolls
 e - a scroll of teleportation
 p - a scroll of blinking {unknown}
 u - 3 scrolls of amnesia {unknown}
 y - a scroll of enchant armour {unknown}
 A - a scroll of silence
 D - a scroll of poison {unknown}
 E - a scroll of vulnerability {unknown}
 G - a scroll of magic mapping {unknown}
Potions
 f - a potion of lignification
 j - 3 potions of magic
 k - 2 potions of mutation
 l - a potion of invisibility
 m - a potion of brilliance {unknown}
 r - 3 potions of degeneration {unknown}
 s - a potion of haste {unknown}
 z - 3 potions of curing {unknown}
 F - a potion of heal wounds


   Skills:
 * Level 8.9 Fighting
 - Level 8.2 Axes
 - Level 3.3 Armour
 - Level 0.3 Dodging
 - Level 3.3 Shields


You had 7 spell levels left.
You didn't know any spells.
Your spell library contained the following spells:

 Spells                   Type           Power      Damage    Failure   Level
 Summon Small Mammal      Summ           0%         N/A       50%         1
 Cigotuvi's Dreadful Rot  Necr/Pois/Air  0%         N/A       65%         2
 Ensorcelled Hibernation  Hex/Ice        0%         N/A       65%         2
 Passwall                 Tmut/Erth      0%         N/A       65%         2
 Poisonous Vapours        Pois/Air       0%         N/A       65%         2
 Call Canine Familiar     Summ           0%         N/A       86%         3
 Mephitic Cloud           Conj/Pois/Air  0%         N/A       86%         3
 Summon Guardian Golem    Hex/Summ       0%         N/A       86%         3
 Swiftness                Air            0%         N/A       86%         3


Dungeon Overview and Level Annotations

Branches:
Dungeon (5/15)
 Temple: D:4-7

Altars:
Cheibriados


Innate Abilities, Weirdness & Mutations

You are a tree.
Your roots penetrate the ground, keeping you stationary.
You cannot be teleported.
You are immune to unholy pain and torment.
Your maximum health is greatly increased.
Your equipment is partially melded.
((You have sharp fingernails.))
((You have large cloven feet.))
You occasionally lose the ability to read scrolls when taking damage.


Message History

The water moccasin poisons you!
You barely miss the water moccasin.
The water moccasin is moderately wounded.
You feel extremely sick. The water moccasin bites you.
The water moccasin bites you!
You slash the water moccasin!
The water moccasin is severely wounded.
* * * LOW HITPOINT WARNING * * *
You feel very sick. The water moccasin bites you.
* * * LOW HITPOINT WARNING * * *
You are lethally poisoned!
The water moccasin poisons you!
The water moccasin bites you but does no damage.
As you read the scroll of teleportation, it crumbles to dust.
You feel strangely unstable.
* * * LOW HITPOINT WARNING * * *
You feel extremely sick.
The water moccasin bites you but does no damage.
You block the water moccasin's attack.
It was a potion of lignification.
You turn into a tree.
Your +0 pair of gloves melds into your body.
Your +0 pair of boots melds into your body.
Your +0 scale mail melds into your body.
Your roots penetrate the ground.
You feel strangely stable.
* * * LOW HITPOINT WARNING * * *
You feel very sick.
The water moccasin bites you but does no damage.
It was a potion of mutation.
You feel extremely strange.
Your feet thicken and deform.
Your fingernails lengthen.
You occasionally lose the ability to read scrolls when taking damage.
* * * LOW HITPOINT WARNING * * *
You feel very sick.
The water moccasin bites you but does no damage. x2
It was a potion of invisibility.
You fade into invisibility!
* * * LOW HITPOINT WARNING * * *
You feel very sick. The water moccasin bites you.
You die...

#........# #.##...#.# #
#..# # #.##...#.# #.#..#
.#
#.##...#.###.#..####.##.
................. .....
.......#.###.#..##.#.###
####...................#
........................
................♣S......
####...#.#......##.#.###
####...#.#...##.# #
............###...
##.#..........##...#
............#..##....
##......##....#.##....
##......##..#..#.###.#
..........#.......# ..


You could see a water moccasin (unable to see you).

Vanquished Creatures
  Sigmund (D:4)
  A sky beast (D:5)
  2 black bears
  An ice beast (D:5)
  The ghost of Zeltrum the Slasher, an amateur DgGl (D:5)
  An ogre (D:5)
  A hound (D:5)
  An orc priest (D:5)
  Terence (D:2)
  An orc wizard (D:4)
  6 adders
  A white imp (D:5)
  3 worms
  The ghost of anet the Covert, a weakling GnDe (D:5)
  2 dart slugs
  11 orcs
  7 endoplasms
  2 giant cockroaches
  11 goblins
  5 hobgoblins
  3 ball pythons
  5 bats
  A frilled lizard (D:3)
  4 kobolds
  3 rats
76 creatures vanquished.

Notes
Turn   | Place    | Note
-------+----------+-------------------------------------------
     0 | D:1      | Chromium the Hill Orc Fighter began the quest for the Orb.
     0 | D:1      | Reached XP level 1. HP: 19/19 MP: 1/1
   115 | D:1      | Reached XP level 2. HP: 25/27 MP: 2/2
   516 | D:2      | Reached XP level 3. HP: 32/34 MP: 3/3
   544 | D:2      | Noticed Terence
   562 | D:2      | Killed Terence
   586 | D:2      | Reached XP level 4. HP: 26/41 MP: 4/4
  1520 | D:3      | Reached skill level 5 in Axes
  1810 | D:3      | Reached XP level 5. HP: 47/47 MP: 5/5
  2027 | D:4      | Reached skill level 5 in Fighting
  2040 | D:4      | Found a sand-covered staircase.
  2108 | D:4      | Noticed a black bear
  2118 | D:4      | Killed a black bear
  2119 | D:4      | Reached XP level 6. HP: 48/56 MP: 6/6
  2169 | D:4      | Identified the +1 robe "Cifon" {*Slow rCorr MP+9 Archmagi}
  2247 | D:4      | Noticed Sigmund
  2249 | D:4      | Found a snail-covered altar of Cheibriados.
  2260 | D:4      | Killed Sigmund
  2281 | D:4      | Reached XP level 7. HP: 40/62 MP: 7/7
  2652 | D:5      | Entered Level 5 of the Dungeon
  3004 | D:5      | Found a runed translucent gate.
  3004 | D:5      | Found a runed translucent gate.
  3004 | D:5      | Found a runed translucent gate.
  3110 | D:5      | Noticed Zeltrum's ghost (amateur DgGl)
  3110 | D:5      | Noticed anet's ghost (weakling GnDe)
  3132 | D:5      | Killed Zeltrum's ghost
  3133 | D:5      | Killed anet's ghost
  3208 | D:5      | Reached XP level 8. HP: 52/75 MP: 8/8
  3584 | D:5      | Gained mutation: You have large cloven feet. [potion of
                  | mutation]
  3584 | D:5      | Gained mutation: You have sharp fingernails. [potion of
                  | mutation]
  3584 | D:5      | Gained mutation: You occasionally lose the ability to read
                  | scrolls when taking damage. [potion of mutation]
  3585 | D:5      | HP: 5/115 [poisoned by a water moccasin]
  3585 | D:5      | Slain by a water moccasin

Illustrated notes

Levels and vault maps discovered:
D:1:      onia_arrival_pentagram, layout_rooms, minmay_misc_feat_alley
D:2:      layout_basic, uniq_terence
D:3:      layout_basic
D:4:      layout_rooms, cheibrodos_worm_habitat, enter_ossuary_1, uniq_sigmund
D:5:      layout_basic, gammafunk_ghost_cemetery, grunt_decor_fettered,
          hangedman_decor_opposing

Skill      XL: |  1  2  3  4  5  6  7 |
---------------+----------------------+-----
Fighting       | 4 5 8 |  8.9
Axes           | 3 4 5 7 8 |  8.2
Armour         | |  3.3
Dodging        | |  0.3
Shields        | |  3.3

Action                   |  1- 3 |  4- 6 |  7- 9 || total
-------------------------+-------+-------+-------++-------
Melee: War axe           |    66 |   142 |    57 ||   265
       Long sword        |       |       |     5 ||     5
  Use: Scroll            |     1 |     2 |     1 ||     4
       Potion            |     1 |     1 |     3 ||     5
Armor: Scale mail        |    18 |    82 |    37 ||   137
       Skin              |       |       |     3 ||     3
Dodge: Dodged            |    37 |    93 |    28 ||   158
Block: Buckler           |    12 |    29 |    12 ||    53

Table legend: (Time is in decaauts)
 A = Elapsed time spent in this place.
 B = Non-inter-level travel time spent in this place.
 C = Inter-level travel time spent in this place.
 D = Time resting spent in this place.
 E = Time spent auto-exploring this place.
 F = Levels seen in this place.
 G = Mean time per level.
                   A        B        C        D        E       F      G
               +--------+--------+--------+--------+--------+-----+--------+
         Total |   3670 |   2820 |    850 |      0 |   2070 |   5 |  734.0 |
       Dungeon |   3670 |   2820 |    850 |      0 |   2070 |   5 |  734.0 |
               +--------+--------+--------+--------+--------+-----+--------+

Top non-repeatable levels by time:
     D:2: 970 daAuts
     D:5: 941 daAuts
     D:4: 658 daAuts
     D:3: 628 daAuts
     D:1: 471 daAuts
